Vancouver Canucks vs Anaheim Ducks
Created - Tuesday, November 12, 2024 at 10:17
Goals
|
| Vancouver Canucks |
1 |
3 |
2 |
6 |
| Anaheim Ducks |
2 |
0 |
1 |
3 |
|
Shots
|
| Vancouver Canucks |
10 |
11 |
11 |
32 |
| Anaheim Ducks |
11 |
5 |
15 |
31 |
|
1st period
1. Vancouver Canucks , Mikko Rantanen 26 (Clayton Keller 16) at 7:37
2. Anaheim Ducks , Mark Scheifele 25 (Alex Killorn 13, J.T. Compher 14) at 17:00
3. Anaheim Ducks , Alexandre Texier 3 (Max Domi 9, Calle Jarnkrok 3) at 19:58
Penalties :
No Penalty
2nd period
4. Vancouver Canucks , Casey Mittelstadt 24 (Taylor Raddysh 14) at 4:54 (PP)
5. Vancouver Canucks , Robby Fabbri 10 (Jesperi Kotkaniemi 11, Miro Heiskanen 29) at 6:48
6. Vancouver Canucks , Ty Dellandrea 4 (Jesperi Kotkaniemi 12, Joonas Korpisalo) at 13:33
Penalties :
Brenden Dillon (ANA) for Interference (Minor) at 4:21, Alex Killorn (ANA) for Delaying the game (Minor) at 7:44, Joshua Morrissey (ANA) for Tripping (Minor) at 13:50, Brenden Dillon (ANA) for Holding (Minor) at 16:33
3rd period
7. Vancouver Canucks , Artturi Lehkonen 29 (Emil Martinsen Lilleberg 11, Anton Lundell 17) at 1:10
8. Anaheim Ducks , Mark Scheifele 26 (William Nylander 36, Nazem Kadri 40) at 2:41 (PP)
9. Vancouver Canucks , Mikko Rantanen 27 (Clayton Keller 17, Justin Schultz 8) at 8:08
Penalties :
Justin Schultz (VAN) for Tripping (Minor) at 2:24, Aleksander Barkov (VAN) for Roughing (Minor) at 8:49, Jacob Bernard-Docker (VAN) for Interference (Minor) at 15:37, Mark Scheifele (ANA) for Holding (Minor) at 18:48, Emil Martinsen Lilleberg (VAN) for Roughing (Minor) at 19:58
Goalie Stats
Joonas Korpisalo (VAN), 28 saves from 31 shots - (0.903), W, 14-10-7, 60:00 minutes
James Reimer (ANA), 26 saves from 32 shots - (0.813), L, 1-5-4, 60:00 minutes
Players Stats for Vancouver Canucks
Player Name G A P +/- PIM S H SB GA TA FO MP PP MP PK MP
------------------------------------------------------------------------------------
Aleksander Barkov 0 0 0 -1 2 1 2 0 0 0 12/25 19:27 3:52 1:13
Anton Lundell 0 1 1 2 0 3 1 0 0 0 7/9 13:12 0:00 1:53
Artturi Lehkonen 1 0 1 2 0 4 2 0 1 0 0/0 16:49 3:48 1:40
Casey Mittelstadt 1 0 1 2 0 4 2 0 0 0 5/14 18:51 3:48 0:48
Clayton Keller 0 2 2 2 0 3 2 1 2 0 0/0 17:47 3:52 0:00
Emil Martinsen Lilleberg 0 1 1 2 2 0 3 1 1 0 0/0 18:17 3:39 2:10
Jacob Bernard-Docker 0 0 0 2 2 0 0 0 0 0 0/0 13:52 0:00 1:16
Jake Bean 0 0 0 0 0 1 1 0 0 0 0/0 19:08 3:40 0:08
Jesperi Kotkaniemi 0 2 2 0 0 0 0 0 0 1 1/3 9:41 0:00 0:51
Justin Schultz 0 1 1 0 2 0 1 1 0 0 0/0 15:49 0:00 0:08
Kasperi Kapanen 0 0 0 -1 0 1 0 0 0 0 0/0 13:44 0:00 0:00
Matias Maccelli 0 0 0 -1 0 2 2 0 0 0 0/2 13:57 0:00 0:00
Mikko Rantanen 2 0 2 2 0 6 0 0 0 0 0/0 17:51 3:52 0:00
Miro Heiskanen 0 1 1 1 0 1 2 1 1 0 0/0 25:56 4:00 2:14
Noah Hanifin 0 0 0 1 0 1 2 1 0 0 0/0 26:08 4:00 2:34
Robby Fabbri 1 0 1 0 0 3 0 0 0 1 0/0 8:43 0:00 0:00
Taylor Raddysh 0 1 1 2 0 0 0 0 0 1 0/2 15:04 3:48 0:00
Ty Dellandrea 1 0 1 0 0 2 1 1 0 0 0/0 11:24 0:00 2:05
Players Stats for Anaheim Ducks
Player Name G A P +/- PIM S H SB GA TA FO MP PP MP PK MP
------------------------------------------------------------------------------------
Alex Killorn 0 1 1 -1 2 1 3 0 1 0 0/0 17:47 1:50 2:14
Alexandre Texier 1 0 1 0 0 2 0 2 0 0 0/0 9:03 0:00 0:58
Brayden Schenn 0 0 0 1 0 3 2 0 0 0 2/2 18:11 0:00 4:19
Brenden Dillon 0 0 0 -2 4 1 2 1 0 2 0/0 17:41 0:00 2:29
Calle Jarnkrok 0 1 1 0 0 1 2 0 0 0 0/0 6:54 0:00 0:00
Chandler Stephenson 0 0 0 -1 0 3 2 0 0 0 8/13 16:52 0:00 3:09
Esa Lindell 0 0 0 0 0 0 3 0 0 1 0/0 22:53 1:44 4:15
Ivan Provorov 0 0 0 -1 0 0 0 0 0 0 0/0 21:05 0:00 4:40
J.T. Compher 0 1 1 -1 0 2 1 0 0 0 2/5 18:33 0:00 4:23
Jakob Chychrun 0 0 0 -2 0 1 2 1 0 0 0/0 17:21 1:44 0:23
John Tavares 0 0 0 -3 0 1 3 1 0 0 1/1 14:11 1:50 0:00
Joshua Morrissey 0 0 0 0 2 0 1 2 0 1 0/0 20:06 2:31 0:00
Mark Scheifele 2 0 2 1 2 6 2 1 2 1 5/9 16:18 2:25 0:00
Mason Marchment 0 0 0 1 0 1 1 0 0 0 0/0 15:41 1:50 0:00
Max Domi 0 1 1 0 0 1 1 0 0 0 1/3 7:53 0:00 0:15
Morgan Rielly 0 0 0 -1 0 1 1 0 0 0 0/0 22:02 2:31 3:33
Nazem Kadri 0 1 1 -3 0 2 0 0 0 0 10/19 14:53 2:25 0:02
William Nylander 0 1 1 -3 0 5 1 0 0 0 1/3 14:50 2:25 0:00
3 Stars
1 - Mikko Rantanen (VAN)
2 - Clayton Keller (VAN)
3 - Casey Mittelstadt (VAN)
Power Play
Vancouver Canucks - 1 on 5 Attempt(s) - 20.00%
Anaheim Ducks - 1 on 4 Attempt(s) - 25.00%
Penalty Kill
Vancouver Canucks - 3 on 4 Attempt(s) - 75.00%
- Score 0 goal in Penalty Kill
Anaheim Ducks - 4 on 5 Attempt(s) - 80.00%
- Score 0 goal in Penalty Kill
Team Stat
Vancouver Canucks - Hits : 21 - Faceoff Wins : 25 - Blocked Shots : 6 - Penalty Minutes : 8
Anaheim Ducks - Hits : 27 - Faceoff Wins : 30 - Blocked Shots : 8 - Penalty Minutes : 10
Official
Referees : Kendrick Nicholson and Brian Pochmara
Linesman : Kiel Murchison and Joseph Mahon
Game Notes
No Game Note
Finance
Level 1 -- Attendance: 4910 (81.83%) -- Ticket Income $491,000
Level 2 -- Attendance: 3500 (70.00%) -- Ticket Income $210,000
Level 3 -- Attendance: 2100 (70.00%) -- Ticket Income $96,600
Level 4 -- Attendance: 3731 (74.62%) -- Ticket Income $93,275
Luxury Box -- Attendance: 718 (71.80%) -- Ticket Income $143,600
Game was played at the Honda Center.
Total Attendance: 14959 (74.80%)
Total Ticket Income: $1,034,475
Other Income: $362,066
Total Income: $1,396,541
Vancouver Canucks
5 vs 5 Forward
Center Left Wing Right Wing Time % Phy DF OF
1 Casey Mittelstadt Clayton Keller Mikko Rantanen 30 1 2 2
2 Aleksander Barkov Matias Maccelli Kasperi Kapanen 30 1 2 2
3 Anton Lundell Artturi Lehkonen Taylor Raddysh 25 1 2 2
4 Jesperi Kotkaniemi Robby Fabbri Ty Dellandrea 15 1 2 2
5 vs 5 Defense
Defense Defense Time % Phy DF OF
1 Noah Hanifin Miro Heiskanen 30 1 2 2
2 Jake Bean Justin Schultz 30 1 2 2
3 Emil Martinsen Lilleberg Jacob Bernard-Docker 25 1 2 2
4 Noah Hanifin Miro Heiskanen 15 1 2 2
PowerPlay Forward
Center Left Wing Right Wing Time % Phy DF OF
1 Aleksander Barkov Clayton Keller Mikko Rantanen 50 1 2 2
2 Casey Mittelstadt Artturi Lehkonen Taylor Raddysh 50 1 2 2
PowerPlay Defense
Defense Defense Time % Phy DF OF
1 Noah Hanifin Miro Heiskanen 50 1 2 2
2 Jake Bean Emil Martinsen Lilleberg 50 1 2 2
Penalty Kill 4 Players Forward
Center Wing Time % Phy DF OF
1 Aleksander Barkov Ty Dellandrea 50 1 2 2
2 Anton Lundell Artturi Lehkonen 50 1 2 2
Penalty Kill 4 Players Defense
Defense Defense Time % Phy DF OF
1 Noah Hanifin Jacob Bernard-Docker 50 1 2 2
2 Emil Martinsen Lilleberg Miro Heiskanen 50 1 2 2
Penalty Kill - 3 Players Forward
Forward Time % Phy DF OF
1 Aleksander Barkov 50 1 2 2
2 Ty Dellandrea 50 1 2 2
Penalty Kill - 3 Players Defense
Defense Defense Time % Phy DF OF
1 Noah Hanifin Jacob Bernard-Docker 50 1 2 2
2 Emil Martinsen Lilleberg Miro Heiskanen 50 1 2 2
4 vs 4 Forward
Center Wing Time % Phy DF OF
1 Casey Mittelstadt Mikko Rantanen 50 1 2 2
2 Aleksander Barkov Clayton Keller 50 1 2 2
4 vs 4 Defense
Defense Defense Time % Phy DF OF
1 Noah Hanifin Miro Heiskanen 50 1 2 2
2 Jake Bean Emil Martinsen Lilleberg 50 1 2 2
Last Minutes Offensive
Center Left Wing Right Wing Defense Defense
Aleksander Barkov Clayton Keller Mikko Rantanen Noah Hanifin Miro Heiskanen
Last Minutes Defensive
Center Left Wing Right Wing Defense Defense
Aleksander Barkov Clayton Keller Mikko Rantanen Noah Hanifin Miro Heiskanen
Goaltenders
Starting : Joonas Korpisalo
Backup : Justus Annunen
Extra Forwards
Normal : Matias Maccelli, Mikko Rantanen, Jesperi Kotkaniemi - PP : Matias Maccelli, Anton Lundell - PK : Jesperi Kotkaniemi
Extra Defensemen
Normal : Jake Bean, Miro Heiskanen, Emil Martinsen Lilleberg - PP : Jake Bean - PK : Noah Hanifin, Emil Martinsen Lilleberg
Penalty Shots
Aleksander Barkov, Mikko Rantanen, Clayton Keller, Artturi Lehkonen, Casey Mittelstadt
Scratches
Adam Boqvist (Left Foot Injury), Jesse Ylonen (Healthy), Jacob Bryson (Healthy), Nathan Smith (Healthy), Ville Husso (Healthy)
Anaheim Ducks
5 vs 5 Forward
Center Left Wing Right Wing Time % Phy DF OF
1 Nazem Kadri John Tavares William Nylander 33 1 2 2
2 Mark Scheifele Brayden Schenn Mason Marchment 33 1 2 2
3 Chandler Stephenson Alex Killorn J.T. Compher 33 1 1 3
4 Max Domi Calle Jarnkrok Alexandre Texier 1 1 2 2
5 vs 5 Defense
Defense Defense Time % Phy DF OF
1 Esa Lindell Joshua Morrissey 35 1 2 2
2 Morgan Rielly Ivan Provorov 35 1 2 2
3 Brenden Dillon Jakob Chychrun 30 1 2 2
4 Esa Lindell Joshua Morrissey 0 1 2 2
PowerPlay Forward
Center Left Wing Right Wing Time % Phy DF OF
1 Nazem Kadri Mark Scheifele William Nylander 60 1 1 3
2 John Tavares Alex Killorn Mason Marchment 40 1 1 3
PowerPlay Defense
Defense Defense Time % Phy DF OF
1 Morgan Rielly Joshua Morrissey 60 1 1 3
2 Esa Lindell Jakob Chychrun 40 1 1 3
Penalty Kill 4 Players Forward
Center Wing Time % Phy DF OF
1 J.T. Compher Brayden Schenn 55 1 3 1
2 Chandler Stephenson Alex Killorn 45 1 3 1
Penalty Kill 4 Players Defense
Defense Defense Time % Phy DF OF
1 Esa Lindell Ivan Provorov 50 1 3 1
2 Morgan Rielly Brenden Dillon 50 1 3 1
Penalty Kill - 3 Players Forward
Forward Time % Phy DF OF
1 J.T. Compher 50 1 4 0
2 Chandler Stephenson 50 1 4 0
Penalty Kill - 3 Players Defense
Defense Defense Time % Phy DF OF
1 Esa Lindell Ivan Provorov 50 1 4 0
2 Morgan Rielly Brenden Dillon 50 1 4 0
4 vs 4 Forward
Center Wing Time % Phy DF OF
1 Nazem Kadri William Nylander 60 1 2 2
2 John Tavares Mark Scheifele 40 1 2 2
4 vs 4 Defense
Defense Defense Time % Phy DF OF
1 Esa Lindell Morgan Rielly 50 1 2 2
2 Ivan Provorov Joshua Morrissey 50 1 2 2
Last Minutes Offensive
Center Left Wing Right Wing Defense Defense
Nazem Kadri William Nylander Mark Scheifele Joshua Morrissey Morgan Rielly
Last Minutes Defensive
Center Left Wing Right Wing Defense Defense
Chandler Stephenson Alex Killorn J.T. Compher Ivan Provorov Esa Lindell
Goaltenders
Starting : James Reimer
Backup : Linus Ullmark
Extra Forwards
Normal : William Nylander, Mark Scheifele, Nazem Kadri - PP : William Nylander, Nazem Kadri - PK : J.T. Compher
Extra Defensemen
Normal : Esa Lindell, Brenden Dillon, Ivan Provorov - PP : Joshua Morrissey - PK : Esa Lindell, Ivan Provorov
Penalty Shots
Brenden Dillon, Mark Scheifele, Calle Jarnkrok, John Tavares, Alex Killorn
Scratches
Josh Manson (Healthy)
% Time on Ice - Vancouver Canucks
Lines # - Real PCT - Wanted PCT - Time Play
Normal Forward
1 - 30% - 30% - 14:17
2 - 29% - 30% - 13:45
3 - 24% - 25% - 11:19
4 - 18% - 15% - 8:43
Normal Defense
1 - 29% - 30% - 14:02
2 - 33% - 30% - 15:41
3 - 25% - 25% - 11:59
4 - 13% - 15% - 6:22
PP Forward
1 - 50% - 50% - 3:52
2 - 50% - 50% - 3:48
PP Defense
1 - 52% - 50% - 4:00
2 - 48% - 50% - 3:40
PK Forward
1 - 58% - 50% - 2:27
2 - 42% - 50% - 1:48
PK Defense
1 - 64% - 50% - 2:42
2 - 36% - 50% - 1:33
PK3 Forward
1 - 0% - 50%
2 - 0% - 50%
PK3 Defense
1 - 0% - 50%
2 - 0% - 50%
44 Forward
1 - 0% - 50% - 0:00
2 - 100% - 50% - 0:01
44 Defense
1 - 100% - 50% - 0:01
2 - 0% - 50% - 0:00
Last Minute Offensive - 0:00
Last Minute Defensive - 0:00
Total
Forward - 60:00
Defense - 60:00
|
% Time on Ice - Anaheim Ducks
Lines # - Real PCT - Wanted PCT - Time Play
Normal Forward
1 - 28% - 33% - 13:36
2 - 29% - 33% - 13:51
3 - 29% - 33% - 13:43
4 - 14% - 1% - 6:54
Normal Defense
1 - 34% - 35% - 16:28
2 - 34% - 35% - 16:10
3 - 31% - 30% - 14:47
4 - 1% - 0% - 0:39
PP Forward
1 - 57% - 60% - 2:25
2 - 43% - 40% - 1:50
PP Defense
1 - 59% - 60% - 2:31
2 - 41% - 40% - 1:44
PK Forward
1 - 57% - 55% - 4:24
2 - 43% - 45% - 3:16
PK Defense
1 - 49% - 50% - 3:44
2 - 51% - 50% - 3:56
PK3 Forward
1 - 0% - 50%
2 - 0% - 50%
PK3 Defense
1 - 0% - 50%
2 - 0% - 50%
44 Forward
1 - 100% - 60% - 0:01
2 - 0% - 40% - 0:00
44 Defense
1 - 100% - 50% - 0:01
2 - 0% - 50% - 0:00
Last Minute Offensive - 0:00
Last Minute Defensive - 0:00
Total
Forward - 60:00
Defense - 60:00
|
Play-by-Play
1st period
0:01 of 1st period - John Tavares wins face-off versus Casey Mittelstadt in neutral zone.
0:26 of 1st period - Esa Lindell is hit by Miro Heiskanen and loses puck.
0:41 of 1st period - Wrist shot by John Tavares.
0:41 of 1st period - Shot Misses the Net.
0:53 of 1st period - Aleksander Barkov is hit by Brayden Schenn and loses puck.
1:58 of 1st period - Snap shot by Anton Lundell.
1:58 of 1st period - Shot Misses the Net.
4:04 of 1st period - Snap shot by Chandler Stephenson.
4:04 of 1st period - Shot Misses the Net.
4:06 of 1st period - Slapshot by Esa Lindell.
4:06 of 1st period - Deflect By Chandler Stephenson.
4:06 of 1st period - Shot Misses the Net.
4:06 of 1st period - Puck is out of play.
4:07 of 1st period - Mark Scheifele wins face-off versus Casey Mittelstadt in Vancouver Canucks zone.
4:13 of 1st period - Icing by Miro Heiskanen.
4:14 of 1st period - Mark Scheifele wins face-off versus Casey Mittelstadt in Vancouver Canucks zone.
4:37 of 1st period - Wrist shot by Clayton Keller.
4:37 of 1st period - Shot Misses the Net.
5:33 of 1st period - Snap shot by Mikko Rantanen.
5:33 of 1st period - Shot Blocked by Mark Scheifele.
5:41 of 1st period - Wrist shot by Mikko Rantanen.
5:41 of 1st period - Stopped by James Reimer with a rebound.
6:09 of 1st period - Slapshot by Mark Scheifele.
6:09 of 1st period - Stopped by Joonas Korpisalo with a rebound.
6:27 of 1st period - Slapshot by Casey Mittelstadt.
6:27 of 1st period - Stopped by James Reimer with a rebound.
6:29 of 1st period - Snap shot by Clayton Keller.
6:29 of 1st period - Shot Misses the Net.
6:35 of 1st period - Snap shot by Mark Scheifele.
6:35 of 1st period - Stopped by Joonas Korpisalo with a rebound.
7:08 of 1st period - Snap shot by Mikko Rantanen.
7:08 of 1st period - Stopped by James Reimer with a rebound.
7:20 of 1st period - Icing by Clayton Keller.
7:21 of 1st period - Casey Mittelstadt wins face-off versus William Nylander in Vancouver Canucks zone.
7:28 of 1st period - John Tavares is hit by Clayton Keller and loses puck.
7:35 of 1st period - Wrist shot by Clayton Keller.
7:35 of 1st period - Stopped by James Reimer with a rebound.
7:37 of 1st period - Snap shot by Mikko Rantanen.
7:37 of 1st period - Goal by Mikko Rantanen - Vancouver Canucks : 1 - Anaheim Ducks : 0.
7:38 of 1st period - Anton Lundell wins face-off versus Nazem Kadri in neutral zone.
7:51 of 1st period - Snap shot by Anton Lundell.
7:51 of 1st period - Stopped by James Reimer without a rebound.
7:52 of 1st period - Nazem Kadri wins face-off versus Anton Lundell in Anaheim Ducks zone.
8:25 of 1st period - Snap shot by Chandler Stephenson.
8:25 of 1st period - Stopped by Joonas Korpisalo with a rebound.
8:27 of 1st period - Snap shot by Brenden Dillon.
8:27 of 1st period - Stopped by Joonas Korpisalo with a rebound.
9:23 of 1st period - Emil Martinsen Lilleberg is hit by Alex Killorn and loses puck.
9:36 of 1st period - Jacob Bernard-Docker is hit by William Nylander and loses puck.
10:05 of 1st period - Esa Lindell is hit by Artturi Lehkonen.
10:15 of 1st period - Ty Dellandrea is hit by Esa Lindell and loses puck.
10:57 of 1st period - Aleksander Barkov is hit by Alex Killorn and loses puck.
14:01 of 1st period - Matias Maccelli is hit by Chandler Stephenson and loses puck.
14:12 of 1st period - Clayton Keller is hit by Calle Jarnkrok.
14:28 of 1st period - Anton Lundell is hit by Mark Scheifele and loses puck.
15:00 of 1st period - Wrist shot by Alexandre Texier.
15:00 of 1st period - Deflect By John Tavares.
15:00 of 1st period - Shot Misses the Net.
15:00 of 1st period - Puck is out of play.
15:01 of 1st period - William Nylander wins face-off versus Jesperi Kotkaniemi in Vancouver Canucks zone.
15:31 of 1st period - Jake Bean is hit by Jakob Chychrun and loses puck.
15:38 of 1st period - Wrist shot by J.T. Compher.
15:38 of 1st period - Stopped by Joonas Korpisalo with a rebound.
15:40 of 1st period - Slapshot by Jakob Chychrun.
15:40 of 1st period - Shot Misses the Net.
15:42 of 1st period - Slapshot by Jakob Chychrun.
15:42 of 1st period - Stopped by Joonas Korpisalo without a rebound.
15:43 of 1st period - Brayden Schenn wins face-off versus Aleksander Barkov in Vancouver Canucks zone.
15:44 of 1st period - Snap shot by Mark Scheifele.
15:44 of 1st period - Shot Blocked by Noah Hanifin.
15:54 of 1st period - Snap shot by Aleksander Barkov.
15:54 of 1st period - Shot Blocked by Joshua Morrissey.
15:56 of 1st period - Snap shot by Kasperi Kapanen.
15:56 of 1st period - Shot Blocked by Joshua Morrissey.
15:58 of 1st period - Slapshot by Noah Hanifin.
15:58 of 1st period - Shot Misses the Net.
16:08 of 1st period - Anton Lundell is hit by John Tavares and loses puck.
16:15 of 1st period - Wrist shot by Nazem Kadri.
16:15 of 1st period - Stopped by Joonas Korpisalo with a rebound.
17:00 of 1st period - Wrist shot by Mark Scheifele.
17:00 of 1st period - Goal by Mark Scheifele - Vancouver Canucks : 1 - Anaheim Ducks : 1.
17:01 of 1st period - Nazem Kadri wins face-off versus Aleksander Barkov in neutral zone.
17:04 of 1st period - Wrist shot by William Nylander.
17:04 of 1st period - Shot Misses the Net.
17:28 of 1st period - Snap shot by Artturi Lehkonen.
17:28 of 1st period - Stopped by James Reimer with a rebound.
17:48 of 1st period - Snap shot by Max Domi.
17:48 of 1st period - Stopped by Joonas Korpisalo without a rebound.
17:49 of 1st period - Aleksander Barkov wins face-off versus Max Domi in Vancouver Canucks zone.
17:56 of 1st period - Snap shot by Matias Maccelli.
17:56 of 1st period - Stopped by James Reimer with a rebound.
17:58 of 1st period - Snap shot by Kasperi Kapanen.
17:58 of 1st period - Shot Misses the Net.
18:00 of 1st period - Slapshot by Kasperi Kapanen.
18:00 of 1st period - Shot Blocked by Alexandre Texier.
18:02 of 1st period - Snap shot by Matias Maccelli.
18:02 of 1st period - Deflect By Calle Jarnkrok.
18:02 of 1st period - Stopped by James Reimer with a rebound.
18:04 of 1st period - Slapshot by Jake Bean.
18:04 of 1st period - Deflect By Joshua Morrissey.
18:04 of 1st period - Stopped by James Reimer with a rebound.
18:16 of 1st period - Slapshot by John Tavares.
18:16 of 1st period - Stopped by Joonas Korpisalo without a rebound.
18:17 of 1st period - Casey Mittelstadt wins face-off versus Nazem Kadri in Vancouver Canucks zone.
18:17 of 1st period - Casey Mittelstadt is hit by John Tavares.
18:57 of 1st period - Wrist shot by John Tavares.
18:57 of 1st period - Deflect By Nazem Kadri.
18:57 of 1st period - Shot Misses the Net.
18:57 of 1st period - Puck is out of play.
18:58 of 1st period - Mark Scheifele wins face-off versus Aleksander Barkov in Vancouver Canucks zone.
19:23 of 1st period - Taylor Raddysh is hit by Brenden Dillon and loses puck.
19:47 of 1st period - Icing by Jakob Chychrun.
19:48 of 1st period - Max Domi wins face-off versus Aleksander Barkov in Anaheim Ducks zone.
19:48 of 1st period - Max Domi is hit by Noah Hanifin.
19:58 of 1st period - Wrist shot by Alexandre Texier.
19:58 of 1st period - Goal by Alexandre Texier - Vancouver Canucks : 1 - Anaheim Ducks : 2.
19:59 of 1st period - Anton Lundell wins face-off versus Nazem Kadri in neutral zone.
Goals for this period are 1 for Vancouver Canucks vs 2 for Anaheim Ducks.
Shots for this period are 10 for Vancouver Canucks vs 11 for Anaheim Ducks.
2nd period
0:01 of 2nd period - Nazem Kadri wins face-off versus Taylor Raddysh in neutral zone.
0:05 of 2nd period - Slapshot by Esa Lindell.
0:05 of 2nd period - Shot Blocked by Miro Heiskanen.
0:07 of 2nd period - Snap shot by Joshua Morrissey.
0:07 of 2nd period - Shot Misses the Net.
0:09 of 2nd period - Slapshot by William Nylander.
0:09 of 2nd period - Stopped by Joonas Korpisalo with a rebound.
0:27 of 2nd period - Mark Scheifele is hit by Matias Maccelli.
1:03 of 2nd period - Ty Dellandrea is hit by Alex Killorn and loses puck.
1:48 of 2nd period - Artturi Lehkonen is hit by Calle Jarnkrok and loses puck.
2:21 of 2nd period - Wrist shot by Chandler Stephenson.
2:21 of 2nd period - Stopped by Joonas Korpisalo without a rebound.
2:22 of 2nd period - Chandler Stephenson wins face-off versus Casey Mittelstadt in Vancouver Canucks zone.
2:48 of 2nd period - Slapshot by Casey Mittelstadt.
2:48 of 2nd period - Stopped by James Reimer with a rebound.
2:50 of 2nd period - Wrist shot by Miro Heiskanen.
2:50 of 2nd period - Shot Misses the Net.
2:52 of 2nd period - Snap shot by Miro Heiskanen.
2:52 of 2nd period - Stopped by James Reimer without a rebound.
2:53 of 2nd period - Aleksander Barkov wins face-off versus Nazem Kadri in Anaheim Ducks zone.
3:08 of 2nd period - Aleksander Barkov is hit by John Tavares and loses puck.
3:46 of 2nd period - Miro Heiskanen is hit by Mason Marchment and loses puck.
4:21 of 2nd period - Minor Penalty to Brenden Dillon for Interference.
4:22 of 2nd period - Aleksander Barkov wins face-off versus J.T. Compher in Anaheim Ducks zone.
4:54 of 2nd period - Slapshot by Casey Mittelstadt.
4:54 of 2nd period - Goal by Casey Mittelstadt - Vancouver Canucks : 2 - Anaheim Ducks : 2.
4:55 of 2nd period - Aleksander Barkov wins face-off versus William Nylander in neutral zone.
5:31 of 2nd period - Snap shot by Mark Scheifele.
5:31 of 2nd period - Stopped by Joonas Korpisalo without a rebound.
5:32 of 2nd period - Nazem Kadri wins face-off versus Matias Maccelli in Vancouver Canucks zone.
5:57 of 2nd period - Esa Lindell is hit by Anton Lundell and loses puck.
6:48 of 2nd period - Slapshot by Robby Fabbri.
6:48 of 2nd period - Goal by Robby Fabbri - Vancouver Canucks : 3 - Anaheim Ducks : 2.
6:49 of 2nd period - Nazem Kadri wins face-off versus Aleksander Barkov in neutral zone.
6:51 of 2nd period - Off-side.
6:52 of 2nd period - Nazem Kadri wins face-off versus Aleksander Barkov in neutral zone.
7:21 of 2nd period - Off-side.
7:22 of 2nd period - Chandler Stephenson wins face-off versus Casey Mittelstadt in neutral zone.
7:28 of 2nd period - Snap shot by Clayton Keller.
7:28 of 2nd period - Shot Misses the Net.
7:44 of 2nd period - Minor Penalty to Alex Killorn for Delaying the game.
7:45 of 2nd period - J.T. Compher wins face-off versus Casey Mittelstadt in Anaheim Ducks zone.
7:51 of 2nd period - Icing by Taylor Raddysh.
7:52 of 2nd period - Brayden Schenn wins face-off versus Casey Mittelstadt in Vancouver Canucks zone.
8:05 of 2nd period - J.T. Compher is hit by Miro Heiskanen and loses puck.
9:44 of 2nd period - Penalty to Alex Killorn is over, Alex Killorn is back on ice.
9:54 of 2nd period - Wrist shot by Jesperi Kotkaniemi.
9:54 of 2nd period - Shot Blocked by John Tavares.
9:56 of 2nd period - Wrist shot by Ty Dellandrea.
9:56 of 2nd period - Shot Misses the Net.
9:58 of 2nd period - Snap shot by Jesperi Kotkaniemi.
9:58 of 2nd period - Shot Misses the Net.
10:12 of 2nd period - Aleksander Barkov is hit by Mark Scheifele and loses puck.
11:28 of 2nd period - Alexandre Texier is hit by Casey Mittelstadt and loses puck.
11:47 of 2nd period - Jake Bean is hit by Brenden Dillon and loses puck.
12:13 of 2nd period - Brenden Dillon is hit by Noah Hanifin.
12:25 of 2nd period - Mikko Rantanen is hit by J.T. Compher and loses puck.
13:04 of 2nd period - Snap shot by Jesperi Kotkaniemi.
13:04 of 2nd period - Deflect By Robby Fabbri.
13:04 of 2nd period - Stopped by James Reimer with a rebound.
13:06 of 2nd period - Slapshot by Robby Fabbri.
13:06 of 2nd period - Stopped by James Reimer without a rebound.
13:07 of 2nd period - Jesperi Kotkaniemi wins face-off versus Chandler Stephenson in Anaheim Ducks zone.
13:14 of 2nd period - Chandler Stephenson is hit by Emil Martinsen Lilleberg and loses puck.
13:33 of 2nd period - Backhand shot by Ty Dellandrea.
13:33 of 2nd period - Goal by Ty Dellandrea - Vancouver Canucks : 4 - Anaheim Ducks : 2.
13:34 of 2nd period - Anton Lundell wins face-off versus Mark Scheifele in neutral zone.
13:41 of 2nd period - Backhand shot by Artturi Lehkonen.
13:41 of 2nd period - Stopped by James Reimer with a rebound.
13:50 of 2nd period - Minor Penalty to Joshua Morrissey for Tripping.
13:51 of 2nd period - Aleksander Barkov wins face-off versus J.T. Compher in Anaheim Ducks zone.
14:17 of 2nd period - Morgan Rielly is hit by Artturi Lehkonen and loses puck.
15:50 of 2nd period - Penalty to Joshua Morrissey is over, Joshua Morrissey is back on ice.
16:02 of 2nd period - Esa Lindell is hit by Ty Dellandrea and loses puck.
16:14 of 2nd period - Justin Schultz is hit by Max Domi and loses puck.
16:29 of 2nd period - Wrist shot by Robby Fabbri.
16:29 of 2nd period - Shot Misses the Net.
16:31 of 2nd period - Wrist shot by Ty Dellandrea.
16:31 of 2nd period - Stopped by James Reimer with a rebound.
16:33 of 2nd period - Minor Penalty to Brenden Dillon for Holding.
16:34 of 2nd period - J.T. Compher wins face-off versus Casey Mittelstadt in Anaheim Ducks zone.
16:59 of 2nd period - Aleksander Barkov is hit by Chandler Stephenson.
17:03 of 2nd period - Snap shot by Mikko Rantanen.
17:03 of 2nd period - Stopped by James Reimer with a rebound.
17:05 of 2nd period - Snap shot by Mikko Rantanen.
17:05 of 2nd period - Deflect By Clayton Keller.
17:05 of 2nd period - Shot Misses the Net.
17:05 of 2nd period - Puck is out of play.
17:06 of 2nd period - Aleksander Barkov wins face-off versus Chandler Stephenson in Anaheim Ducks zone.
17:19 of 2nd period - Snap shot by Noah Hanifin.
17:19 of 2nd period - Stopped by James Reimer with a rebound.
17:55 of 2nd period - Chandler Stephenson is hit by Emil Martinsen Lilleberg and loses puck.
18:33 of 2nd period - Penalty to Brenden Dillon is over, Brenden Dillon is back on ice.
19:15 of 2nd period - Snap shot by William Nylander.
19:15 of 2nd period - Stopped by Joonas Korpisalo without a rebound.
19:16 of 2nd period - Mark Scheifele wins face-off versus Taylor Raddysh in Vancouver Canucks zone.
19:17 of 2nd period - Slapshot by Brayden Schenn.
19:17 of 2nd period - Stopped by Joonas Korpisalo with a rebound.
Goals for this period are 3 for Vancouver Canucks vs 0 for Anaheim Ducks.
Shots for this period are 11 for Vancouver Canucks vs 5 for Anaheim Ducks.
3rd period
0:01 of 3rd period - Chandler Stephenson wins face-off versus Aleksander Barkov in neutral zone.
0:18 of 3rd period - J.T. Compher is hit by Matias Maccelli and loses puck.
0:54 of 3rd period - Backhand shot by Artturi Lehkonen.
0:54 of 3rd period - Stopped by James Reimer without a rebound.
0:55 of 3rd period - Anton Lundell wins face-off versus Nazem Kadri in Anaheim Ducks zone.
1:02 of 3rd period - Snap shot by Anton Lundell.
1:02 of 3rd period - Stopped by James Reimer with a rebound.
1:04 of 3rd period - Snap shot by Anton Lundell.
1:04 of 3rd period - Stopped by James Reimer with a rebound.
1:08 of 3rd period - Wrist shot by Anton Lundell.
1:08 of 3rd period - Shot Blocked by Jakob Chychrun.
1:10 of 3rd period - Slapshot by Emil Martinsen Lilleberg.
1:10 of 3rd period - Deflect By Artturi Lehkonen.
1:10 of 3rd period - Goal by Artturi Lehkonen - Vancouver Canucks : 5 - Anaheim Ducks : 2.
1:11 of 3rd period - Chandler Stephenson wins face-off versus Matias Maccelli in neutral zone.
1:14 of 3rd period - Wrist shot by Alex Killorn.
1:14 of 3rd period - Stopped by Joonas Korpisalo without a rebound.
1:15 of 3rd period - Chandler Stephenson wins face-off versus Aleksander Barkov in Vancouver Canucks zone.
1:44 of 3rd period - Wrist shot by Casey Mittelstadt.
1:44 of 3rd period - Shot Misses the Net.
1:46 of 3rd period - Snap shot by Clayton Keller.
1:46 of 3rd period - Stopped by James Reimer with a rebound.
1:48 of 3rd period - Wrist shot by Mikko Rantanen.
1:48 of 3rd period - Shot Misses the Net.
2:02 of 3rd period - Wrist shot by William Nylander.
2:02 of 3rd period - Stopped by Joonas Korpisalo with a rebound.
2:24 of 3rd period - Minor Penalty to Justin Schultz for Tripping.
2:25 of 3rd period - Nazem Kadri wins face-off versus Aleksander Barkov in Vancouver Canucks zone.
2:25 of 3rd period - Wrist shot by William Nylander.
2:25 of 3rd period - Stopped by Joonas Korpisalo without a rebound.
2:26 of 3rd period - Nazem Kadri wins face-off versus Aleksander Barkov in Vancouver Canucks zone.
2:37 of 3rd period - Slapshot by William Nylander.
2:37 of 3rd period - Shot Misses the Net.
2:39 of 3rd period - Wrist shot by William Nylander.
2:39 of 3rd period - Shot Hit the Post.
2:41 of 3rd period - Wrist shot by Mark Scheifele.
2:41 of 3rd period - Goal by Mark Scheifele - Vancouver Canucks : 5 - Anaheim Ducks : 3.
2:42 of 3rd period - Aleksander Barkov wins face-off versus Chandler Stephenson in neutral zone.
3:18 of 3rd period - Snap shot by Brayden Schenn.
3:18 of 3rd period - Stopped by Joonas Korpisalo with a rebound.
4:16 of 3rd period - Snap shot by Kasperi Kapanen.
4:16 of 3rd period - Stopped by James Reimer without a rebound.
4:17 of 3rd period - Chandler Stephenson wins face-off versus Aleksander Barkov in Anaheim Ducks zone.
4:25 of 3rd period - Off-side.
4:26 of 3rd period - Mark Scheifele wins face-off versus Casey Mittelstadt in neutral zone.
4:33 of 3rd period - Slapshot by Mason Marchment.
4:33 of 3rd period - Deflect By Mikko Rantanen.
4:33 of 3rd period - Shot Blocked by Emil Martinsen Lilleberg.
4:33 of 3rd period - Puck is out of play.
4:34 of 3rd period - Casey Mittelstadt wins face-off versus Mark Scheifele in Vancouver Canucks zone.
4:38 of 3rd period - Off-side.
4:39 of 3rd period - Aleksander Barkov wins face-off versus Mark Scheifele in neutral zone.
4:49 of 3rd period - Mark Scheifele is hit by Aleksander Barkov.
5:05 of 3rd period - Noah Hanifin is hit by Joshua Morrissey and loses puck.
5:10 of 3rd period - Snap shot by J.T. Compher.
5:10 of 3rd period - Shot Blocked by Clayton Keller.
5:12 of 3rd period - Slapshot by Brenden Dillon.
5:12 of 3rd period - Deflect By Chandler Stephenson.
5:12 of 3rd period - Stopped by Joonas Korpisalo without a rebound.
5:13 of 3rd period - Casey Mittelstadt wins face-off versus Chandler Stephenson in Vancouver Canucks zone.
6:04 of 3rd period - Slapshot by William Nylander.
6:04 of 3rd period - Stopped by Joonas Korpisalo without a rebound.
6:05 of 3rd period - Nazem Kadri wins face-off versus Aleksander Barkov in Vancouver Canucks zone.
6:22 of 3rd period - Snap shot by Nazem Kadri.
6:22 of 3rd period - Stopped by Joonas Korpisalo with a rebound.
6:56 of 3rd period - Taylor Raddysh is hit by Esa Lindell.
7:00 of 3rd period - Snap shot by Mark Scheifele.
7:00 of 3rd period - Stopped by Joonas Korpisalo without a rebound.
7:01 of 3rd period - Aleksander Barkov wins face-off versus Mark Scheifele in Vancouver Canucks zone.
7:38 of 3rd period - Snap shot by Brayden Schenn.
7:38 of 3rd period - Stopped by Joonas Korpisalo with a rebound.
7:40 of 3rd period - Slapshot by Brayden Schenn.
7:40 of 3rd period - Deflect By Mason Marchment.
7:40 of 3rd period - Stopped by Joonas Korpisalo without a rebound.
7:41 of 3rd period - Chandler Stephenson wins face-off versus Aleksander Barkov in Vancouver Canucks zone.
7:46 of 3rd period - Slapshot by J.T. Compher.
7:46 of 3rd period - Stopped by Joonas Korpisalo with a rebound.
8:08 of 3rd period - Wrist shot by Mikko Rantanen.
8:08 of 3rd period - Goal by Mikko Rantanen - Vancouver Canucks : 6 - Anaheim Ducks : 3.
8:09 of 3rd period - Chandler Stephenson wins face-off versus Anton Lundell in neutral zone.
8:16 of 3rd period - Snap shot by J.T. Compher.
8:16 of 3rd period - Shot Misses the Net.
8:24 of 3rd period - Alex Killorn is hit by Emil Martinsen Lilleberg and loses puck.
8:49 of 3rd period - Minor Penalty to Aleksander Barkov for Roughing.
8:50 of 3rd period - Anton Lundell wins face-off versus Nazem Kadri in Vancouver Canucks zone.
10:16 of 3rd period - Anton Lundell is hit by Esa Lindell and loses puck.
10:49 of 3rd period - Penalty to Aleksander Barkov is over, Aleksander Barkov is back on ice.
11:02 of 3rd period - Max Domi is hit by Casey Mittelstadt and loses puck.
11:21 of 3rd period - Snap shot by Casey Mittelstadt.
11:21 of 3rd period - Stopped by James Reimer with a rebound.
11:23 of 3rd period - Snap shot by Aleksander Barkov.
11:23 of 3rd period - Stopped by James Reimer without a rebound.
11:24 of 3rd period - Anton Lundell wins face-off versus Chandler Stephenson in Anaheim Ducks zone.
12:07 of 3rd period - Morgan Rielly is hit by Justin Schultz and loses puck.
12:27 of 3rd period - Off-side.
12:28 of 3rd period - Nazem Kadri wins face-off versus Jesperi Kotkaniemi in neutral zone.
12:37 of 3rd period - Slapshot by William Nylander.
12:37 of 3rd period - Shot Misses the Net.
13:13 of 3rd period - Mikko Rantanen is hit by Jakob Chychrun and loses puck.
13:34 of 3rd period - Artturi Lehkonen is hit by Brayden Schenn and loses puck.
14:18 of 3rd period - Snap shot by Robby Fabbri.
14:18 of 3rd period - Shot Blocked by Alexandre Texier.
14:34 of 3rd period - Brayden Schenn is hit by Jake Bean and loses puck.
14:39 of 3rd period - Snap shot by Mikko Rantanen.
14:39 of 3rd period - Deflect By Clayton Keller.
14:39 of 3rd period - Stopped by James Reimer with a rebound.
14:49 of 3rd period - Brayden Schenn is hit by Clayton Keller.
15:28 of 3rd period - Slapshot by Ivan Provorov.
15:28 of 3rd period - Shot Misses the Net.
15:30 of 3rd period - Wrist shot by Alexandre Texier.
15:30 of 3rd period - Deflect By Calle Jarnkrok.
15:30 of 3rd period - Stopped by Joonas Korpisalo without a rebound.
15:31 of 3rd period - Aleksander Barkov wins face-off versus Nazem Kadri in Vancouver Canucks zone.
15:37 of 3rd period - Minor Penalty to Jacob Bernard-Docker for Interference.
15:38 of 3rd period - Anton Lundell wins face-off versus Nazem Kadri in Vancouver Canucks zone.
15:38 of 3rd period - Anton Lundell is hit by Morgan Rielly.
15:50 of 3rd period - Snap shot by Morgan Rielly.
15:50 of 3rd period - Stopped by Joonas Korpisalo with a rebound.
15:52 of 3rd period - Backhand shot by Joshua Morrissey.
15:52 of 3rd period - Shot Misses the Net.
15:54 of 3rd period - Slapshot by Joshua Morrissey.
15:54 of 3rd period - Shot Blocked by Ty Dellandrea.
17:37 of 3rd period - Penalty to Jacob Bernard-Docker is over, Jacob Bernard-Docker is back on ice.
17:45 of 3rd period - Snap shot by Joshua Morrissey.
17:45 of 3rd period - Shot Blocked by Justin Schultz.
17:47 of 3rd period - Backhand shot by Max Domi.
17:47 of 3rd period - Shot Misses the Net.
17:49 of 3rd period - Snap shot by Alexandre Texier.
17:49 of 3rd period - Stopped by Joonas Korpisalo without a rebound.
17:50 of 3rd period - Casey Mittelstadt wins face-off versus Max Domi in Vancouver Canucks zone.
18:01 of 3rd period - Snap shot by Mikko Rantanen.
18:01 of 3rd period - Stopped by James Reimer with a rebound.
18:03 of 3rd period - Snap shot by Justin Schultz.
18:03 of 3rd period - Shot Blocked by Brenden Dillon.
18:13 of 3rd period - Jakob Chychrun is hit by Aleksander Barkov and loses puck.
18:48 of 3rd period - Minor Penalty to Mark Scheifele for Holding.
18:49 of 3rd period - Aleksander Barkov wins face-off versus J.T. Compher in Anaheim Ducks zone.
19:58 of 3rd period - Minor Penalty to Emil Martinsen Lilleberg for Roughing.
19:59 of 3rd period - Aleksander Barkov wins face-off versus Nazem Kadri in Vancouver Canucks zone.
Goals for this period are 2 for Vancouver Canucks vs 1 for Anaheim Ducks.
Shots for this period are 11 for Vancouver Canucks vs 15 for Anaheim Ducks.
Back to the Top